 Dungeon Crawl Stone Soup version 0.26-a0-651-gb41185065b (webtiles) character file.

Game seed: 2615526489824362515

74 Lanoc the Chopper (level 4, 0/38 HPs)
             Began as a Ghoul Gladiator on Oct 19, 2020.
             Killed by divine providence
             ... invoked by an orc priest
              (12 damage)
             ... on level 2 of the Dungeon.
             The game lasted 00:00:37 (417 turns).

Lanoc the Chopper (Ghoul Gladiator)                  Turns: 417, Time: 00:00:38

Health: 0/38       AC:  4    Str: 17    XL:     4   Next: 30%
Magic:  3/3        EV: 12    Int:  3    God:
Gold:   23         SH:  0    Dex: 11    Spells: 3/3 levels left

rFire    . . .     SeeInvis .   a - +0 war axe
rCold    + . .     Faith    .   (no shield)
rNeg     + + +     Spirit   .   b - +0 leather armour
rPois    ∞         Reflect  .   c - +0 helmet
rElec    .         Harm     .   (no cloak)
rCorr    .         Rampage  .   (no gloves)
MR       .....                  (no boots)
Stlth    +.........             (no amulet)
HPRegen  0.00/turn              (no ring)
MPRegen  0.08/turn              (no ring)

@: no status effects
A: rotting body, claws 1, cold resistance 1, negative energy resistance 3,
inhibited regeneration, torment resistance, unbreathing
a: no special abilities


You were on level 2 of the Dungeon.
You visited 1 branch of the dungeon, and saw 2 of its levels.

You collected 23 gold pieces.

Inventory:

Hand Weapons
 a - a +0 war axe (weapon)
Missiles
 d - 3 throwing nets (quivered)
Armour
 b - a +0 leather armour (worn)
 c - a +0 helmet (worn)
Scrolls
 e - a scroll of fear {unknown}


   Skills:
 + Level 3.0 Fighting
 * Level 3.7 Axes
 - Level 1.7 Throwing
 + Level 3.2 Dodging


You had 3 spell levels left.
You didn't know any spells.
Your spell library was empty.

Dungeon Overview and Level Annotations

Branches:
Dungeon (2/15)

Altars:
Fedhas
Makhleb
Yredelemnul


Innate Abilities, Weirdness & Mutations

Your body is rotting away.
You thrive by killing the living.
You are immune to poison.
You have sharp fingernails.
Your flesh is cold resistant. (rC+)
You are immune to negative energy. (rN+++)
You do not regenerate when monsters are visible.
You are immune to unholy pain and torment.
You can survive without breathing.


Message History

The orc priest hits you but does no damage.
The kobold hits you but does no damage.
The orc priest looks encouraged for a moment.
The kobold closely misses you.
You closely miss the orc priest.
The orc priest is moderately wounded.
You hit the kobold. The orc priest barely misses you.
The kobold closely misses you.
You slash the orc priest!
The orc priest is almost dead.
You hit the kobold.
You kill the kobold!
You feel better.
The orc priest hits you with a +1 whip of draining!
You hit the orc priest but do no damage.
The orc priest is almost dead.
The orc priest hits you with a +1 whip of draining.
The orc priest invokes the aid of Beogh against you.
Beogh smites you!
You die...

#################
##...............#####
#..#############.....#
..## #.)##.# .## #@)#
## #o)...... #
#.....### #..##.# ...#
.# # #.♣. # # ..♣♣ #


PP. # You could see an orc priest.

Vanquished Creatures
  Jessica (D:2)
  An orc wizard (D:2)
  An adder (D:2)
  2 orcs (D:2)
  2 bats (D:2)
  A giant cockroach (D:1)
  3 goblins
  2 kobolds (D:2)
  2 frilled lizards (D:1)
  A rat (D:2)
16 creatures vanquished.

Notes
Turn   | Place    | Note
-------+----------+-------------------------------------------
     0 | D:1      | Lanoc the Ghoul Gladiator began the quest for the Orb.
     0 | D:1      | Reached XP level 1. HP: 17/17 MP: 0/0
   136 | D:2      | Found a burning altar of Makhleb.
   136 | D:2      | Noticed Jessica
   172 | D:2      | Killed Jessica
   172 | D:2      | Reached XP level 2. HP: 25/25 MP: 1/1
   172 | D:2      | Reached XP level 3. HP: 30/30 MP: 2/2
   179 | D:2      | Found a blossoming altar of Fedhas.
   198 | D:2      | Found a basalt altar of Yredelemnul.
   409 | D:2      | Reached XP level 4. HP: 28/38 MP: 3/3
   417 | D:2      | Killed from afar by an orc priest

Illustrated notes

Levels and vault maps discovered:
D:1:      dpeg_arrival_chambers_temple_mockup, layout_basic,
          minmay_misc_feat_five, nemelex_xobeh_ov_fountains_minmay
D:2:      layout_loops_cross, nicolae_overflow_hidden_temple,
          grunt_temple_overflow_open, serial_forest,
          infiniplex_forest_lined_corner, infiniplex_forest_straight_2,
          infiniplex_forest_side_room, infiniplex_forest_split,
          infiniplex_forest_end_1, infiniplex_forest_clump_cross,
          infiniplex_forest_end_1, grunt_dithmenos_smoke_and_mirrors,
          uniq_jessica

Skill      XL: |  1  2  3 |
---------------+----------+-----
Axes           | 3 |  3.7
Dodging        | 3 |  3.2
Fighting       | 3 |  3.0
Throwing       | |  1.7

Action                   |  1- 3 |  4- 6 || total
-------------------------+-------+-------++-------
Melee: War axe           |    42 |     7 ||    49
Armor: Leather armour    |     9 |     3 ||    12
Dodge: Dodged            |    37 |     5 ||    42

Table legend: (Time is in decaauts)
 A = Elapsed time spent in this place.
 B = Non-inter-level travel time spent in this place.
 C = Inter-level travel time spent in this place.
 D = Time resting spent in this place.
 E = Time spent auto-exploring this place.
 F = Levels seen in this place.
 G = Mean time per level.
                   A        B        C        D        E       F      G
               +--------+--------+--------+--------+--------+-----+--------+
         Total |    433 |    433 |      0 |      0 |    330 |   2 |  216.5 |
       Dungeon |    433 |    433 |      0 |      0 |    330 |   2 |  216.5 |
               +--------+--------+--------+--------+--------+-----+--------+

Top non-repeatable levels by time:
     D:2: 291 daAuts
     D:1: 142 daAuts
